 Dungeon Crawl Stone Soup version 0.27.0-1-g7a089689b8 (webtiles) character file.

Game seed: 8903419392509294475

91808 PentaManta the Grappler (level 15, -1/163 HPs)
             Began as a Troll Abyssal Knight on Aug 17, 2021.
             Was the Champion of Lugonu.
             Slain by Jorgrun (16 damage)
             ... on level 13 of the Dungeon.
             The game lasted 01:13:09 (24000 turns).

PentaManta the Grappler (Troll Abyssal Knight)     Turns: 24000, Time: 01:13:10

Health: -1/163     AC: 12    Str: 25    XL:     15   Next: 56%
Magic:  21/21      EV:  9    Int: 15    God:    Lugonu [******]
Gold:   3162       SH: 16    Dex:  9    Spells: 14/14 levels left

rFire    . . .     SeeInvis +     - Unarmed
rCold    . . .     Faith    .   O - +0 kite shield
rNeg     . . .     Spirit   .   U - +2 robe {Archmagi}
rPois    +         Reflect  +   z - +2 hat
rElec    +         Harm     .   y - +3 cloak "Xemat" {rElec Int+3}
rCorr    .         Rampage  .   (gloves unavailable)
Will     +....     Archmagi +   (boots unavailable)
Stlth    +.........             H - amulet of reflection
HPRegen  1.37/turn              o - ring of poison resistance
MPRegen  0.17/turn              g - ring of see invisible

@: grasped by roots, constricted, studying 2 skills
A: large, unfitting armour, claws 3, regeneration 1, shaggy fur 1, tough skin 1
a: Renounce Religion, Depart the Abyss, Bend Space, Banish, Corrupt, Enter the
Abyss, Brand Weapon With Distortion


You were on level 13 of the Dungeon.
You worshipped Lugonu.
Lugonu was exalted by your worship.
You visited 3 branches of the dungeon, and saw 22 of its levels.
You visited the Abyss 1 time.
You also visited: Ossuary and Gauntlet.

You collected 3659 gold pieces.
You spent 497 gold pieces at shops.

Inventory:

Hand Weapons
 a - a +7 scimitar of flaming
 P - a +2 demon trident of electrocution
Missiles
 I - 17 javelins
 N - 3 curare-tipped darts (quivered)
 Y - 61 large rocks
Armour
 y - the +3 cloak "Xemat" (worn) {rElec Int+3}
   (You found it in a Gauntlet)

   Int:       It affects your intelligence (+3).
   rElec:     It insulates you from electricity.
 z - a +2 hat (worn)
 G - a +0 tower shield
 J - the +2 robe "Sikues" {+Blink rC- rN+ Int+2}
   (You found it on level 6 of the Dungeon)

   Int:       It affects your intelligence (+2).
   rC:        It makes you vulnerable to cold.
   rN:        It protects you from negative energy.
   +Blink:    It lets you blink.
 O - a +0 kite shield (worn)
 U - a +2 robe of the Archmagi (worn)
Jewellery
 g - a ring of see invisible (right claw)
 i - an amulet of regeneration
 o - a ring of poison resistance (left claw)
 H - an amulet of reflection (around neck)
 M - a ring of flight
 S - the ring "Xafroum" {rC- rCorr Str+8 Int+6}
   (You acquired it in a Gauntlet)

   [ring of intelligence]

   Str:       It affects your strength (+8).
   Int:       It affects your intelligence (+6).
   rC:        It makes you vulnerable to cold.
   rCorr:     It protects you from acid and corrosion.
Wands
 m - a wand of mindburst (12)
 t - a wand of flame (101)
 u - a wand of iceblast (33)
 C - a wand of acid (27)
 K - a wand of digging (8)
 X - a wand of polymorph (12)
Scrolls
 c - 7 scrolls of identify
 e - 4 scrolls of magic mapping
 k - 5 scrolls of teleportation
 l - 5 scrolls of blinking
 p - a scroll of fog
 s - a scroll of amnesia
 w - 5 scrolls of fear
 D - 3 scrolls of enchant armour
 E - 3 scrolls of summoning
Potions
 b - 2 potions of mutation
 f - 7 potions of lignification
 h - 10 potions of attraction
 n - 5 potions of curing
 r - 5 potions of magic
 v - 3 potions of flight
 x - 4 potions of brilliance
 B - a potion of might
 F - a potion of cancellation
 L - 6 potions of haste
 R - a potion of ambrosia
 T - 4 potions of berserk rage
 V - 2 potions of invisibility
Miscellaneous
 q - a phantom mirror


   Skills:
 * Level 14.0 Fighting
 + Level 10.2 Dodging
 - Level 10.0 Shields
 + Level 14.1 Unarmed Combat
 - Level 10.0 Invocations


You had 14 spell levels left.
You didn't know any spells.
Your spell library contained the following spells:

 Spells                   Type           Power      Damage    Failure   Level
 Beastly Appendage        Tmut           0%         N/A       26%         1
 Corona                   Hex            0%         N/A       26%         1
 Foxfire                  Conj/Fire      0%         2x1d4     26%         1
 Summon Small Mammal      Summ           0%         N/A       26%         1
 Ensorcelled Hibernation  Hex/Ice        0%         N/A       38%         2
 Passwall                 Tmut/Erth      0%         N/A       38%         2
 Static Discharge         Conj/Air       0%         N/A       38%         2
 Wereblood                Tmut           0%         N/A       38%         2
 Call Canine Familiar     Summ           0%         N/A       63%         3
 Conjure Flame            Conj/Fire      0%         6-21      63%         3
 Gell's Gravitas          Tloc           0%         N/A       63%         3
 Inner Flame              Hex/Fire       0%         N/A       63%         3
 Lesser Beckoning         Tloc           0%         N/A       63%         3
 Portal Projectile        Hex/Tloc       0%         N/A       63%         3
 Spider Form              Tmut/Pois      0%         N/A       63%         3
 Summon Guardian Golem    Hex/Summ       0%         N/A       63%         3
 Swiftness                Air            0%         N/A       63%         3
 Teleport Other           Tloc           0%         N/A       63%         3
 Tukima's Dance           Hex            0%         N/A       63%         3
 Cause Fear               Hex            0%         N/A       95%         4
 Dispel Undead            Necr           0%         3d6       95%         4
 Leda's Liquefaction      Hex/Erth       0%         N/A       95%         4
 Sticky Flame             Conj/Fire      0%         2d3       95%         4
 Fireball                 Conj/Fire      0%         3d3       100%        5
 Iskenderun's Battlesphe  Conj           0%         2d6       100%        5
 Conjure Ball Lightning   Conj/Air       0%         3x3d6     100%        6
 Invisibility             Hex            0%         N/A       100%        6
 Orb of Destruction       Conj           0%         N/A       100%        7
 Discord                  Hex            0%         N/A       100%        8


Dungeon Overview and Level Annotations

Branches:
Dungeon (14/15)            Temple (0/1) D:6            Lair (6/6) D:11
 Shoals (0/4) Lair:3        Snake (0/4) Lair:4        Slime (0/5) Lair:5
    Orc (2/2) D:11            Elf (0/3) Orc:2        Vaults (0/5) D:13
Ossuary (visited)         Gauntlet (visited)

Altars:
Elyvilon
Nemelex Xobeh
Okawaru
Sif Muna
Trog
Vehumet
Wu Jian
Xom
The Shining One
Beogh

Shops:
D:2 !   D:10 *   Orc:2 :*[(

Portals:
Trove: D:11 (give +4 demon trident)

Annotations:
D:13 Jorgrun
Lair:1 exclusion: oklob plant
Lair:2 3 runed translucent doors, Doalej's ghost, journeyman NaTm; jazmu's ghost, journeyman DsFi


Innate Abilities, Weirdness & Mutations

You are too large for most types of armour.
You have claws for hands.
Your natural rate of healing is unusually fast.
You are covered in fur. (AC +1)
You have tough skin. (AC +1)


Message History

Jorgrun hits you with a staff of earth! The grasping roots constrict you!
You closely miss Jorgrun.
Jorgrun is severely wounded.
Jorgrun points at you and mumbles some strange words.
The iron shot hits you!! The grasping roots constrict you!
You closely miss Jorgrun.
Jorgrun is heavily wounded.
You mangle Jorgrun!!
Jorgrun is severely wounded.
Jorgrun hits you with a staff of earth. Jorgrun shatters you!
The grasping roots constrict you!
You closely miss Jorgrun.
Jorgrun is severely wounded.
Jorgrun points at you and mumbles some strange words.
The iron shot misses you.
* * * LOW HITPOINT WARNING * * *
The grasping roots constrict you!
You scratch Jorgrun.
Jorgrun is severely wounded.
Jorgrun hits you with a staff of earth!
* * * LOW HITPOINT WARNING * * *
Jorgrun shatters you!
* * * LOW HITPOINT WARNING * * *
x2 The grasping roots constrict you!
Press: ? - help, Shift-Dir - straight line, f - Jorgrun
Aim: Jorgrun, wielding a staff of earth and wearing a +0 robe of cold resistance (severely wounded, chance to affect: 12%)
Okay, then.
You feel much better. Jorgrun hits you with a staff of earth!
* * * LOW HITPOINT WARNING * * *
x2 The grasping roots constrict you!!
Unknown command.
Press: ? - help, v - describe, . - travel
Here: Jorgrun, wielding a staff of earth and wearing a +0 robe of cold resistance (severely wounded)
The floor, spattered with blood.
You mangle Jorgrun!!
Jorgrun is almost dead.
You claw Jorgrun!
Jorgrun is almost dead.
Jorgrun hits you with a staff of earth!
You die...

#........ ....
#####....... ....
#..........# #...
#..........# #...
#..........# #...
#.........?# #...
#......g...# #...
#.....@..>.# #...
#.$........# +...
#..........# #...
#..........# #..#
#..........# #..#
#.......^..# +..#
#..........# #..#
#..........#########..#
#########.............#


You could see Jorgrun.

Vanquished Creatures
  A stone giant (Orc:2)
  A minotaur (Gauntlet)
  A blizzard demon (Gauntlet)
  An ettin (Orc:2)
  Josephine (D:13)
  4 hydras
  A catoblepas (Lair:6)
  3 centaur warriors
  3 boulder beetles
  2 death knights
  3 two-headed ogres
  Erica (D:10)
  4 death yaks (Lair:4)
  A merfolk avatar (Lair:6)
  A thrashing horror (Gauntlet)
  Nergalle (Lair:2)
  7 skeletal warriors
  A sea snake (Lair:6)
  2 lindwurms
  A wizard (Gauntlet)
  6 orc knights
  A deep elf pyromancer (D:12)
  A wolf spider (D:12)
  6 orc sorcerers
  13 cyclopes
  4 ugly things
  2 manticores (Lair:6)
  23 elephants
  A merfolk siren (Lair:3)
  5 black mambas
  A torpor snail (Lair:5)
  A gargoyle (D:11)
  11 cane toads
  An unseen horror (D:12)
  3 freezing wraiths
  2 kobold demonologists (D:13)
  2 rime drakes
  7 komodo dragons
  An ice devil (Gauntlet)
  6 polar bears
  2 wind drakes (Lair:6)
  3 trolls
  24 blink frogs
  5 dream sheep (Lair:4)
  A snapping turtle (Lair:6)
  A redback (D:12)
  A centaur simulacrum (D:12)
  9 wraiths
  41 yaks
  3 basilisks
  5 wyverns
  Eustachio (D:5)
  5 vampire mosquitoes
  Menkaure (D:5)
  A warg (Orc:2)
  2 nagas (Lair:4)
  26 water moccasins
  16 orc warriors
  A sky beast (D:7)
  4 black bears
  3 ogres
  2 necrophages
  4 small abominations (Gauntlet)
  20 wolves
  14 centaurs
  A phantom (D:5)
  6 kobold brigands
  9 scorpions
  12 bullfrogs
  18 killer bees
  5 wights (D:7)
  2 howler monkeys (D:12)
  3 electric eels
  3 centaur zombies
  A hound (D:6)
  3 jellies
  16 orc priests
  5 human zombies (Ossuary)
  5 iguanas
  8 scorpion zombies (Ossuary)
  25 orc wizards
  2 killer bee zombies
  3 mummies (Ossuary)
  A howler monkey zombie (D:8)
  6 adders
  A howler monkey skeleton (D:6)
  3 white imps (Gauntlet)
  An ufetubus (D:5)
  An adder skeleton (D:4)
  2 worms (D:2)
  A dart slug (D:2)
  62 orcs
  8 endoplasms
  4 giant cockroaches
  3 gnoll zombies (Ossuary)
  9 goblins
  14 hobgoblins
  3 jackals (D:4)
  19 kobolds
  9 quokkas
  9 ball pythons
  5 bats
  11 frilled lizards
  3 goblin zombies (Ossuary)
  3 hobgoblin zombies (Ossuary)
  3 kobold zombies (Ossuary)
  23 rats
663 creatures vanquished.

Vanquished Creatures (others)
  Nessos (Orc:2)
  2 orcs (Orc:1)
  69 fungi
  69 plants
  6 withered plants (Lair:2)
147 creatures vanquished.

Grand Total: 810 creatures vanquished

Notes
Turn   | Place    | Note
-------+----------+-------------------------------------------
     0 | Abyss:1  | PentaManta the Troll Abyssal Knight began the quest for the
                  | Orb.
     0 | Abyss:1  | Reached XP level 1. HP: 22/22 MP: 1/1
    81 | Abyss:1  | Noticed a wretched star
    82 | D:1      | Escaped the Abyss
   168 | D:1      | Reached * piety under Lugonu
   213 | D:1      | Reached XP level 2. HP: 29/29 MP: 2/2
   701 | D:1      | Reached XP level 3. HP: 36/36 MP: 3/3
   747 | D:1      | Found a faded altar of an unknown god.
   937 | D:2      | Found Cuwadwyirph's Distillery.
   954 | D:2      | Reached ** piety under Lugonu
  1237 | D:2      | Reached XP level 4. HP: 40/40 MP: 4/4
  2423 | D:3      | Reached skill level 5 in Unarmed Combat
  2515 | D:3      | Reached XP level 5. HP: 50/50 MP: 5/5
  2547 | D:3      | Found a white marble altar of Elyvilon.
  2687 | D:4      | Found a sand-covered staircase.
  2695 | Ossuary  | Entered an ossuary
  2723 | Ossuary  | Reached *** piety under Lugonu
  2732 | Ossuary  | Reached XP level 6. HP: 57/59 MP: 6/6
  2812 | Ossuary  | Reached XP level 7. HP: 66/67 MP: 7/7
  3031 | Ossuary  | Reached XP level 8. HP: 74/78 MP: 9/9
  3247 | D:4      | Reached **** piety under Lugonu
  3361 | D:4      | Found a sparkling altar of Nemelex Xobeh.
  3473 | D:4      | Found a shimmering altar of Xom.
  4035 | D:5      | Entered Level 5 of the Dungeon
  4135 | D:5      | Noticed Menkaure
  4210 | D:5      | Killed Menkaure
  4479 | D:5      | Noticed Eustachio
  4501 | D:5      | Killed Eustachio
  4502 | D:5      | Reached XP level 9. HP: 86/87 MP: 11/11
  4780 | D:5      | Reached skill level 5 in Fighting
  4780 | D:5      | Reached skill level 5 in Invocations
  5316 | D:6      | Found a staircase to the Ecumenical Temple.
  5340 | D:6      | Reached skill level 5 in Dodging
  5517 | D:6      | Identified the +2 robe "Sikues" {+Blink rC- rN+ Int+2}
  6381 | D:7      | Found an ornate altar of the Wu Jian Council.
  6762 | D:7      | Reached ***** piety under Lugonu
  7002 | D:8      | Found a bloodstained altar of Trog.
  7045 | D:8      | Reached XP level 10. HP: 85/98 MP: 13/13
  7076 | D:8      | Found a shimmering blue altar of Sif Muna.
  7701 | D:9      | Found an iron altar of Okawaru.
  7701 | D:9      | Found a glowing golden altar of the Shining One.
  8293 | D:9      | Found a radiant altar of Vehumet.
  8588 | D:10     | Entered Level 10 of the Dungeon
  8840 | D:10     | Noticed Erica
  8878 | D:10     | Killed Erica
  9281 | D:10     | Reached XP level 11. HP: 107/109 MP: 15/15
  9561 | D:10     | Noticed a two-headed ogre
  9571 | D:10     | Killed a two-headed ogre
  9747 | D:10     | Found Hoag's Assorted Antiques.
  9750 | D:10     | Bought a grey potion for 27 gold pieces
  9750 | D:10     | Bought a scroll labelled IHEAW VEOGETE for 31 gold pieces
  9750 | D:10     | Bought a scroll labelled DALOON YCVA for 31 gold pieces
  9953 | D:2      | Bought a potion of curing for 30 gold pieces
  9953 | D:2      | Bought 2 potions of berserk rage for 100 gold pieces
  9953 | D:2      | Bought a potion of haste for 100 gold pieces
 10148 | D:11     | Noticed a two-headed ogre
 10375 | D:11     | Found a staircase to the Lair.
 10539 | D:11     | Found a staircase to the Orcish Mines.
 10585 | D:11     | Noticed a death knight
 10630 | Lair:1   | Entered Level 1 of the Lair of Beasts
 10737 | Lair:1   | Reached skill level 1 in Shields
 10891 | Lair:1   | Noticed an oklob plant
 11236 | Lair:1   | Reached skill level 10 in Unarmed Combat
 11531 | Lair:1   | Reached ****** piety under Lugonu
 11546 | Lair:1   | Identified the +5 falchion of Havoc {pain, rPois SInv}
 11892 | Lair:2   | Reached XP level 12. HP: 93/122 MP: 17/17
 12063 | Lair:2   | Reached skill level 5 in Shields
 12105 | Lair:2   | Noticed a boulder beetle
 12106 | Lair:2   | Noticed Nergalle
 12118 | Lair:2   | Banished a boulder beetle
 12125 | Lair:2   | Killed Nergalle
 12391 | Lair:2   | Found a runed translucent gate.
 12391 | Lair:2   | Found a runed translucent gate.
 12391 | Lair:2   | Found a runed translucent gate.
 12392 | Lair:2   | Noticed Doalej's ghost (journeyman NaTm)
 12393 | Lair:2   | Noticed jazmu's ghost (journeyman DsFi)
 13033 | Lair:3   | Found a gate leading to a gauntlet.
 13043 | Gauntlet | Entered a Gauntlet
 13043 | Gauntlet | Found a transporter.
 13043 | Gauntlet | Found a transporter.
 13044 | Gauntlet | Acquired the ring "Xafroum" {rC- rCorr Str+8 Int+6}
 13056 | Gauntlet | Found a transporter.
 13071 | Gauntlet | Found a transporter.
 13075 | Gauntlet | Noticed a death yak
 13077 | Gauntlet | Noticed a death yak
 13078 | Gauntlet | Noticed a death yak
 13089 | Gauntlet | Found a transporter.
 13101 | Gauntlet | Found a transporter.
 13191 | Gauntlet | Found a transporter.
 13205 | Gauntlet | Found a transporter.
 13219 | Gauntlet | Found a transporter.
 13232 | Gauntlet | Found a transporter.
 13235 | Gauntlet | Noticed a dire elephant
 13315 | Gauntlet | Found a transporter.
 13318 | Gauntlet | Noticed a dire elephant
 13325 | Gauntlet | Found a transporter.
 13332 | Gauntlet | Found a transporter.
 13335 | Gauntlet | Found a transporter.
 13352 | Gauntlet | Noticed a blizzard demon
 13359 | Gauntlet | Found a transporter.
 13369 | Gauntlet | Found a transporter.
 13424 | Gauntlet | Found a transporter.
 13430 | Gauntlet | Found a transporter.
 13471 | Gauntlet | Found a transporter.
 13479 | Gauntlet | Found a transporter.
 13479 | Gauntlet | Found a transporter.
 13480 | Gauntlet | Found a transporter.
 13490 | Gauntlet | Found a transporter.
 13496 | Gauntlet | Found a transporter.
 13588 | Gauntlet | Found a transporter.
 13648 | Gauntlet | Identified the +3 cloak "Xemat" {rElec Int+3}
 13691 | Gauntlet | Found a transporter.
 13747 | Gauntlet | Killed a blizzard demon
 13908 | Gauntlet | Identified the +7 war axe of Megalomania {vorpal, rPois
                  | Dex+4}
 13908 | Gauntlet | Noticed a minotaur
 13923 | Gauntlet | Killed a minotaur
 14475 | Lair:3   | Found a staircase to the Shoals.
 14711 | Lair:4   | Reached XP level 13. HP: 77/131 MP: 18/18
 14976 | Lair:4   | Acquired a manual of Earth Magic
 15197 | Lair:4   | Found a staircase to the Snake Pit.
 15912 | Lair:4   | Reached skill level 10 in Shields
 16178 | Lair:5   | Found a staircase to the Slime Pits.
 16472 | Lair:6   | Entered Level 6 of the Lair of Beasts
 16683 | Lair:5   | Reached skill level 10 in Fighting
 16690 | Lair:5   | HP: 1/133 [black mamba (8)]
 17059 | Lair:6   | Reached XP level 14. HP: 110/144 MP: 19/19
 18810 | D:11     | Found a portal to a secret trove of treasure.
 19672 | Orc:1    | Entered Level 1 of the Orcish Mines
 19819 | Orc:2    | Entered Level 2 of the Orcish Mines
 19820 | Orc:2    | Found Hacim's General Store.
 19820 | Orc:2    | Noticed a stone giant
 19829 | Orc:1    | Paralysed by an orc sorcerer for 3 turns
 19872 | Orc:2    | Killed a stone giant
 19993 | Orc:2    | Bought 3 scrolls of fear for 178 gold pieces
 20015 | Orc:2    | Found Meliong's Book Shoppe.
 20280 | Orc:2    | Found Zuciople's Antique Armour Shoppe.
 20288 | Orc:2    | Found a staircase to the Elven Halls.
 20300 | Orc:2    | Found Inwil's Antique Weapon Shoppe.
 20309 | Orc:2    | Noticed Nessos
 20317 | Orc:2    | Killed Nessos
 20426 | Orc:2    | HP: 3/150 [orc warrior (36)]
 20678 | Orc:1    | Reached skill level 10 in Invocations
 21576 | Orc:1    | Reached XP level 15. HP: 84/154 MP: 21/21
 21978 | D:12     | HP: 2/157 [something/bolt of magma (27)]
 22234 | D:12     | Acquired 1218 gold pieces
 23122 | D:13     | Found the +0 pair of fencer's gloves {Riposte Dex+3}
 23133 | D:13     | Noticed Josephine
 23151 | D:13     | Killed Josephine
 23152 | D:13     | Reached skill level 10 in Dodging
 23248 | D:13     | Found a gate to the Vaults.
 23985 | D:13     | Noticed Jorgrun
 24000 | D:13     | Slain by Jorgrun

Illustrated notes

Levels and vault maps discovered:
D:1:      dpeg_arrival_long_road, layout_loops_cross,
          dreamdust_ecumenical_altar_angels_and_demons
D:2:      layout_basic, serial_shops, shop, minmay_tromino_v2
D:3:      minmay_general_purpose_star, layout_basic, mainiacjoe_overflow_paths
D:4:      layout_loops_corners, lemuel_round_altar,
          mainiacjoe_overflow_surrounded_room, nicolae_ossuary_entry_monument,
          chequers_serial_rivers_micro_d, minmay_rat_hole
D:5:      layout_loops_ring, serial_aquarium, aquarium_bridge_square
          [aquarium_subvault_wall, aquarium_subvault_window,
          aquarium_subvault_wall, aquarium_subvault_bridge],
          aquarium_window_fake, aquarium_window_fake, aquarium_view_2c,
          aquarium_pool_split, uniq_menkaure, uniq_eustachio
D:6:      layout_gridville, temple_doors_e
D:7:      layout_loops_corners, pdpol_wu_jian_five_deadly_venoms
D:8:      layout_loops_cross, mainiacjoe_overflow_catwalk, trog_hazing_becter
D:9:      layout_roguey, mainiacjoe_overflow_divided_tiny, lemuel_crystal_altar,
          nicolae_benzene_ring
D:10:     layout_irregular_city, serial_shops, kennysheep_mini_moat, uniq_erica
D:11:     layout_loops_ring, due_lair_maze_entry_diamond,
          minmay_orc_entry_temple_small, enter_trove_2, grunt_ministairs_5
D:12:     minmay_dotted_concentric_squares, layout_basic
D:13:     minmay_opposing_rooms, layout_irregular_city, uniq_josephine,
          uniq_jorgrun
D:14:     gargoyle_guard, layout_basic, serial_bayou_pond_e,
          minmay_misc_feat_five, uniq_louise, uniq_kirke
Lair:1:   layout_regular_city, minmay_lair_oklob_chamber,
          infiniplex_staircase_pool, grunt_megastairs_3
Lair:2:   layout_cave_pods, gammafunk_ghost_cemetery, grunt_megastairs_5,
          uniq_nergalle
Lair:3:   layout_misc_corridors, elwin_shoals_entry_rooms,
          gauntlet_entry_generic, lemuel_fruit_fields
Lair:4:   layout_regular_city, minmay_snake_entry_guardpost_small,
          infiniplex_staircase_pool_2
Lair:5:   layout_long_grid, slime_dummy, beast_lair_carwin_2,
          serial_bayou_shore_a
Lair:6:   gammafunk_lair_ancient_temple, layout_gridlike, disabler_island
Orc:1:    layout_caves
Orc:2:    grunt_orc_gardens, layout_caves, grunt_orc_garden, grunt_orc_garden,
          grunt_orc_garden, grunt_orc_garden, uniq_nessos

Skill      XL: |  1  2  3  4  5  6  7  8  9 10 11 12 13 14 15 |
---------------+----------------------------------------------+-----
Unarmed Combat | 3 4 5 6 7 8 9 10 11 12 13 14 | 14.1
Dodging        | 2 3 4 6 7 8 9 10 | 10.2
Invocations    | 2 3 4 6 7 8 9 10 | 10.0
Fighting       | 3 4 6 7 8 9 10 13 14 | 14.0
Shields        | 4 8 10 | 10.0

Action                   |  1- 3 |  4- 6 |  7- 9 | 10-12 | 13-15 || total
-------------------------+-------+-------+-------+-------+-------++-------
Melee: Unarmed           |   112 |   146 |   389 |   725 |  1392 ||  2764
       Punch             |     1 |     2 |    13 |    13 |       ||    29
       Dagger            |       |       |       |    47 |       ||    47
       Scimitar          |       |       |       |       |    32 ||    32
Throw: Dart              |       |       |       |     1 |     1 ||     2
       Throwing net      |       |       |       |     1 |       ||     1
Invok: Depart the Abyss  |     1 |       |       |       |       ||     1
       Banish            |       |       |       |     2 |     9 ||    11
       Bend Space        |       |       |       |     1 |     8 ||     9
Evoke: Wand              |       |       |     1 |    10 |     4 ||    15
  Use: Scroll            |       |     2 |       |    28 |    10 ||    40
       Potion            |       |       |       |     1 |     6 ||     7
 Stab: Sleeping          |       |       |     1 |       |       ||     1
       Held in net/web   |       |       |       |     1 |       ||     1
       Petrified         |       |       |       |       |     1 ||     1
Armor: Robe              |    36 |    27 |    86 |   207 |   419 ||   775
Dodge: Dodged            |    38 |    52 |   243 |   342 |   547 ||  1222
Block: Kite shield       |       |       |       |   236 |  1250 ||  1486
       Reflection        |       |       |       |       |    40 ||    40
       Rpst.: Scimitar   |       |       |       |       |     6 ||     6
